 Dungeon Crawl Stone Soup version 0.31-a0-1620-gcbf77bbcfc (webtiles) character file.

Game seed: 4606388328158709823

354 bmb222 the Trooper (level 6, -7/56 HPs)
             Began as a Minotaur Delver on Jan 11, 2024.
             Mangled by Menkaure (13 damage)
             ... on level 4 of the Dungeon.
             The game lasted 00:04:06 (3239 turns).

bmb222 the Trooper (Minotaur Delver)                Turns: 3239, Time: 00:04:06

Health: -7/56      AC:  7    Str: 17    XL:     6   Next: 35%
Magic:  5/5        EV: 11    Int:  7    God:
Gold:   203        SH:  0    Dex: 13    Spells: 5/5 levels left

rFire   . . .        a - +0 falchion
rCold   + . .        (no shield)
rNeg    . . .        d - +0 scale mail
rPois   .            (helmet restricted)
rElec   .            j - +0 cloak
rCorr   .            (no gloves)
SInv    .            (no boots)
Will    .....        m - amulet of magic regeneration Stlth
                     i - ring of protection from cold
HPRegen 0.29/turn    (no ring)
MPRegen 0.49/turn

%: no passive effects
@: confused, mighty
A: horns 2, retaliatory headbutt
a: no special abilities


You were on level 4 of the Dungeon.
You visited 1 branch of the dungeon, and saw 5 of its levels.

You collected 203 gold pieces.

Inventory:

Hand Weapons
 a - a +0 falchion (weapon)
Missiles
 l - 13 poisoned darts (quivered)
Armour
 b - a +0 leather armour
 d - a +0 scale mail (worn)
 j - a +0 cloak (worn)
Jewellery
 i - a ring of protection from cold (left hand)
 m - an amulet of magic regeneration (around neck)
Scrolls
 c - 2 scrolls of fog
 e - 2 scrolls of fear
 o - a scroll of enchant weapon
Potions
 p - a potion of brilliance


   Skills:
 + Level 5.1 Fighting
 + Level 4.3 Long Blades
 + Level 2.2 Armour
 + Level 4.0 Dodging
 + Level 5.0 Stealth


You had 5 spell levels left.
You didn't know any spells.
Your spell library contained the following spells:

 Spells                   Type           Power      Damage    Failure   Level
 Sandblast                Erth           0%         2d4       85%         1
 Dazzling Flash           Conj/Hex       0%         N/A       99%         3
 Mephitic Cloud           Conj/Alch/Air  0%         N/A       99%         3
 Passwall                 Erth           0%         N/A       99%         3
 Stone Arrow              Conj/Erth      0%         3d7       99%         3
 Brom's Barrelling Bould  Conj/Erth      0%         2d3       100%        4
 Curse of Agony           Necr           0%         N/A       100%        5
 Silence                  Hex/Air        0%         N/A       100%        5


Dungeon Overview and Level Annotations

Branches:
Dungeon (5/15)             Temple (0/1) D:5

Altars:
Uskayaw

Annotations:
D:4 Menkaure


Innate Abilities, Weirdness & Mutations

You have a pair of horns on your head.
You reflexively headbutt those who attack you in melee.


Message History

Menkaure calls on the powers of darkness!
The orc convulses!
Your body is wracked with pain!
* * * LOW HITPOINT WARNING * * *
You bump into the rock wall.
You feel less confused. Something hits you but does no damage.
Unknown command.
Blink to where?
Press: ? - help, Dir - move target
As you read the scroll of blinking, it crumbles to dust.
There is an open door here.
An orc wizard appears from thin air!
Reactivating autopickup.
Menkaure gestures wildly while chanting.
Menkaure seems to speed up.
You close the door.
An orc wizard opens the door.
You aren't carrying any items that you can evoke.
Okay, then.
The orc wizard casts a spell at you.
You are confused.
You bump into the rock wall.
The orc wizard points at you and mumbles some strange words.
You are more confused.
You bump into the rock wall.
The orc wizard casts a spell.
The orc wizard flickers and vanishes!
Deactivating autopickup; reactivate with Ctrl-A.
You bump into the rock wall.
Menkaure gestures at you while chanting.
Pain shoots through your body!
* * * LOW HITPOINT WARNING * * *
You bump into the rock wall.
You're too confused to move!
Menkaure murmurs a few words.
Menkaure hits you but does no damage.
You slash Menkaure!
Menkaure is heavily damaged.
Menkaure hits you!
You die...

#.........#
#.....##.#.......
#.........#
#####.##.#.######
#.........#
#.....##.#.#
####..##..#
#.....##.#.##### ##.
##.# #.....#........#
#. ..#
#.###.#.#........# #
.# #................#
+##.#######..........#
#...@Mo...........รท#
##########.........#
##......##.........##
+......o'............
#.......##........###
##...M..##...........
#..o...###.......#..
##'##### #.......#..
#...## #.......# .


You could see Menkaure (fast) and an orc.

Vanquished Creatures
  Edmund (D:4)
  A bombardier beetle (D:4)
  A hound (D:3)
  Jessica (D:2)
  7 adders
  2 dart slugs
  2 ribbon worms (D:2)
  2 orcs (D:4)
  5 endoplasms
  5 giant cockroaches
  11 goblins
  11 hobgoblins
  4 jackals (D:3)
  7 kobolds
  3 quokkas
  7 ball pythons
  2 bats
  7 frilled lizards
  6 rats
85 creatures vanquished.

Notes
Turn   | Place    | Note
-------+----------+-------------------------------------------
     0 | D:5      | bmb222 the Minotaur Delver began the quest for the Orb.
     0 | D:5      | Reached XP level 1. HP: 19/19 MP: 0/0
     6 | D:5      | Noticed a hound
    12 | D:4      | Noticed an orc priest
   119 | D:3      | Noticed a hound
   144 | D:3      | Killed a hound
   145 | D:3      | Reached XP level 2. HP: 19/27 MP: 1/1
   145 | D:3      | Reached XP level 3. HP: 24/33 MP: 2/2
   631 | D:2      | Reached XP level 4. HP: 28/40 MP: 3/3
  1590 | D:2      | Noticed Jessica
  1597 | D:2      | Killed Jessica
  1598 | D:2      | Reached XP level 5. HP: 44/47 MP: 4/4
  1679 | D:2      | Reached skill level 1 in Armour
  2806 | D:3      | Found a hide-covered altar of Uskayaw.
  2966 | D:4      | Noticed Edmund
  3012 | D:4      | Killed Edmund
  3013 | D:4      | Reached skill level 5 in Fighting
  3013 | D:4      | Reached skill level 5 in Stealth
  3013 | D:4      | Reached XP level 6. HP: 29/56 MP: 5/5
  3181 | D:4      | Noticed Menkaure
  3239 | D:4      | Mangled by Menkaure

Illustrated notes

Levels and vault maps discovered:
D:1:      psy_arrival_basics, layout_loops_ring
D:2:      cheibrodos_greedy_goblins, layout_basic, minmay_misc_feat_diagonals,
          uniq_jessica
D:3:      layout_basic, mainiacjoe_overflow_alcove_4
D:4:      layout_basic, gammafunk_temple_overflow_elements,
          mainiacjoe_overflow_tiny_flanked, uniq_menkaure, uniq_edmund
D:5:      layout_cave_pods, makhleb_altar_promises_db, temple_green

Skill      XL: |  1  2  3  4  5  6 |
---------------+-------------------+-----
Fighting       | 4 5 |  5.1
Long Blades    | 3 4 |  4.3
Dodging        | 3 4 |  4.0
Armour         | 2 |  2.2
Stealth        | 5 |  5.0

Action                     |  1- 3 |  4- 6 || total
---------------------------+-------+-------++-------
  Melee: Falchion          |    56 |   158 ||   214
         Headbutt          |     8 |    18 ||    26
         Punch             |       |     2 ||     2
  Evoke: Wand              |     2 |     1 ||     3
    Use: Potion            |     1 |     7 ||     8
         Scroll            |     1 |     5 ||     6
   Stab: Sleeping          |       |     7 ||     7
         Distracted        |       |     1 ||     1
 Armour: Leather armour    |    39 |    79 ||   118
         Scale mail        |       |    29 ||    29
  Dodge: Dodged            |    47 |   119 ||   166

Table legend: (Time is in decaauts)
 A = Elapsed time spent in this place.
 B = Non-inter-level travel time spent in this place.
 C = Inter-level travel time spent in this place.
 D = Time resting spent in this place.
 E = Time spent auto-exploring this place.
 F = Levels seen in this place.
 G = Mean time per level.
                   A        B        C        D        E       F      G
               +--------+--------+--------+--------+--------+-----+--------+
         Total |   3252 |   3015 |    237 |    262 |   2078 |   5 |  650.4 |
       Dungeon |   3252 |   3015 |    237 |    262 |   2078 |   5 |  650.4 |
               +--------+--------+--------+--------+--------+-----+--------+

Top non-repeatable levels by time:
     D:3: 1133 daAuts
     D:1: 796 daAuts
     D:2: 790 daAuts
     D:4: 519 daAuts
     D:5: 12 daAuts
